Workbook

Sheet Caratula
B1: DOCUMENTO DE DIAGNÓSTICO Y DISEÑO
B2: PROGRAMAS PRESUPUESTARIOS CON FID
B4: La carátula resume la trazabilidad del diseño; no sustituye el Documento ni la FID. | N4: EJERCICIO FISCAL | P4: [AAAA]
B5: DATOS DE IDENTIFICACIÓN DEL PROGRAMA PRESUPUESTARIO
B6: Clave del Centro Gestor | E6: 16C000 | H6: Unidad Responsable del Gasto | L6: =IFERROR(VLOOKUP(E6,CG!A:B,2,0),"") -> Deuda Pública
A7: =E6&E7 -> 16C000D001 | B7: Clave del Pp | E7: D001 | H7: Denominación del Pp | L7: =IFERROR(VLOOKUP(A7,CATALOGO!A:Z,6,0),"No encontrado") -> Servicio de la deuda
B8: ALINEACIÓN PROGRAMÁTICA Y CLASIFICACIÓN FUNCIONAL
B9: Eje | C9: =IFERROR(VLOOKUP(A7,CATALOGO!A:Z,8,0),"No encontrado") -> 07 | D9: Denominación | E9: =IFERROR(VLOOKUP(A7,CATALOGO!A:Z,9,0),"No encontrado") -> Ciudad participativa, democrática, abierta y con gobierno digital eficiente | G9: Objetivo | H9: =IFERROR(VLOOKUP(A7,CATALOGO!A:Z,10,0),"No encontrado") -> 01 | I9: Denominación | K9: =IFERROR(VLOOKUP(A7,CATALOGO!A:Z,10,0),"No encontrado") -> 01 | M9: Estrategia | N9: =IFERROR(VLOOKUP(A7,CATALOGO!A:Z,12,0),"No encontrado") -> 00 | O9: Denominación | P9: =IFERROR(VLOOKUP(A7,CATALOGO!A:Z,13,0),"No encontrado") -> Ciudad participativa, democrática y abierta
B10: ODS | C10: =IFERROR(VLOOKUP(A7,CATALOGO!A:Z,22,0),"No encontrado") -> 11 | D10: Denominación | E10: =IFERROR(VLOOKUP(A7,CATALOGO!A:Z,23,0),"No encontrado") -> Ciudades y comunidades sostenibles | I10: Meta del ODS | J10: =IFERROR(VLOOKUP(A7,CATALOGO!A:Z,24,0),"No encontrado") -> 11.a | K10: Denominación | L10: =IFERROR(VLOOKUP(A7,CATALOGO!A:Z,26,0),"No encontrado") -> Apoyar los vínculos económicos, sociales y ambientales positivos entre las zonas urbanas, periurbanas y rurales fortaleciendo la planificación del desarrollo nacional y regional.
B11: CLASIFICACIÓN FUNCIONAL
B12: Finalidad | C12: =IFERROR(VLOOKUP(A7,CATALOGO!A:Z,14,0),"No encontrado") -> 4 | D12: Denominación | E12: =IFERROR(VLOOKUP(A7,CATALOGO!A:Z,15,0),"No encontrado") -> Otras No Clasificadas en Funciones Anteriores | F12: Función | G12: =IFERROR(VLOOKUP(A7,CATALOGO!A:Z,16,0),"No encontrado") -> 1 | H12: Denominación | I12: =IFERROR(VLOOKUP(A7,CATALOGO!A:Z,17,0),"No encontrado") -> Transacciones de la Deuda Pública / Costo Financiero de la Deuda | J12: Subfunción | K12: =IFERROR(VLOOKUP(A7,CATALOGO!A:Z,18,0),"No encontrado") -> 1 | L12: Denominación | M12: =IFERROR(VLOOKUP(A7,CATALOGO!A:Z,19,0),"No encontrado") -> Deuda Pública Interna | N12: Actividad institucional | O12: =IFERROR(VLOOKUP(A7,CATALOGO!A:Z,20,0),"No encontrado") -> 029 | P12: Denominación | Q12: =IFERROR(VLOOKUP(A7,CATALOGO!A:Z,21,0),"No encontrado") -> Servicio de la deuda
B13: SÍNTESIS DEL DIAGNÓSTICO | C13: SÍNTESIS DEL DIAGNÓSTICO Y DISEÑO | D13: SÍNTESIS DEL DIAGNÓSTICO Y DISEÑO | E13: SÍNTESIS DEL DIAGNÓSTICO Y DISEÑO | F13: SÍNTESIS DEL DIAGNÓSTICO Y DISEÑO | G13: SÍNTESIS DEL DIAGNÓSTICO Y DISEÑO | H13: SÍNTESIS DEL DIAGNÓSTICO Y DISEÑO | I13: SÍNTESIS DEL DIAGNÓSTICO Y DISEÑO | J13: SÍNTESIS DEL DIAGNÓSTICO Y DISEÑO | K13: SÍNTESIS DEL DIAGNÓSTICO Y DISEÑO | L13: SÍNTESIS DEL DIAGNÓSTICO Y DISEÑO | M13: SÍNTESIS DEL DIAGNÓSTICO Y DISEÑO | N13: SÍNTESIS DEL DIAGNÓSTICO Y DISEÑO | O13: SÍNTESIS DEL DIAGNÓSTICO Y DISEÑO | P13: SÍNTESIS DEL DIAGNÓSTICO Y DISEÑO | Q13: SÍNTESIS DEL DIAGNÓSTICO Y DISEÑO
B14: PROBLEMA CENTRAL | K14: ÁREA DE ENFOQUE O PERSONAS DESTINATARIAS
B15: [Condición negativa, delimitada y verificable que justifica la intervención] | K15: [Unidad en la que se observa el problema y se espera el cambio; incluir personas destinatarias cuando corresponda]
B20: VINCULACIÓN CON EL INDICADOR DE SEGUIMIENTO | C20: VINCULACIÓN CON EL INDICADOR DE SEGUIMIENTO DE LA FID | D20: VINCULACIÓN CON EL INDICADOR DE SEGUIMIENTO DE LA FID | E20: VINCULACIÓN CON EL INDICADOR DE SEGUIMIENTO DE LA FID | F20: VINCULACIÓN CON EL INDICADOR DE SEGUIMIENTO DE LA FID | G20: VINCULACIÓN CON EL INDICADOR DE SEGUIMIENTO DE LA FID | H20: VINCULACIÓN CON EL INDICADOR DE SEGUIMIENTO DE LA FID | I20: VINCULACIÓN CON EL INDICADOR DE SEGUIMIENTO DE LA FID | J20: VINCULACIÓN CON EL INDICADOR DE SEGUIMIENTO DE LA FID | K20: VINCULACIÓN CON EL INDICADOR DE SEGUIMIENTO DE LA FID | L20: VINCULACIÓN CON EL INDICADOR DE SEGUIMIENTO DE LA FID | M20: VINCULACIÓN CON EL INDICADOR DE SEGUIMIENTO DE LA FID | N20: VINCULACIÓN CON EL INDICADOR DE SEGUIMIENTO DE LA FID | O20: VINCULACIÓN CON EL INDICADOR DE SEGUIMIENTO DE LA FID | P20: VINCULACIÓN CON EL INDICADOR DE SEGUIMIENTO DE LA FID | Q20: VINCULACIÓN CON EL INDICADOR DE SEGUIMIENTO DE LA FID
B21: NIVEL DE SEGUIMIENTO | C21: NIVEL DE SEGUIMIENTO | D21: OBJETIVO CENTRAL (referente del cambio) | E21: OBJETIVO CENTRAL (referente del cambio) | F21: NOMBRE DEL INDICADOR | G21: NOMBRE DEL INDICADOR | H21: DEFINICIÓN | I21: DEFINICIÓN | J21: MÉTODO DE CÁLCULO | K21: MÉTODO DE CÁLCULO | L21: MÉTODO DE CÁLCULO | M21: UNIDAD DE MEDIDA | N21: TIPO / DIM. / FREC. | O21: META ANUAL | P21: META ANUAL | Q21: META ANUAL
B22: NIVEL DE SEGUIMIENTO | C22: NIVEL DE SEGUIMIENTO | D22: OBJETIVO CENTRAL (referente del cambio) | E22: OBJETIVO CENTRAL (referente del cambio) | F22: NOMBRE DEL INDICADOR | G22: NOMBRE DEL INDICADOR | H22: DEFINICIÓN | I22: DEFINICIÓN | J22: MÉTODO DE CÁLCULO | K22: MÉTODO DE CÁLCULO | L22: MÉTODO DE CÁLCULO | M22: UNIDAD | N22: TIPO / DIM. / FREC. | O22: META | P22: NUM. | Q22: DEN.
B23: SEGUIMIENTO OPERATIVO | C23: SEGUIMIENTO OPERATIVO | D23: [Cambio que el Pp pretende promover; el indicador no mide directamente su cumplimiento] | E23: [Cambio que el Pp pretende promover; el indicador no mide directamente su cumplimiento] | F23: [Nombre claro del indicador de seguimiento] | G23: [Nombre claro del indicador de seguimiento] | H23: [Qué mide el indicador y respecto de qué universo] | I23: [Qué mide el indicador y respecto de qué universo] | J23: [Fórmula que relaciona las variables del indicador] | K23: [Fórmula que relaciona las variables del indicador] | L23: [Fórmula que relaciona las variables del indicador] | M23: [Unidad] | N23: GESTIÓN [Dimensión] [Frecuencia] | O23: [Valor] | P23: [Valor] | Q23: [Valor]
B24: SEGUIMIENTO OPERATIVO | C24: SEGUIMIENTO OPERATIVO | D24: [Cambio que el Pp pretende promover; el indicador no mide directamente su cumplimiento] | E24: [Cambio que el Pp pretende promover; el indicador no mide directamente su cumplimiento] | F24: [Nombre claro del indicador de seguimiento] | G24: [Nombre claro del indicador de seguimiento] | H24: [Qué mide el indicador y respecto de qué universo] | I24: [Qué mide el indicador y respecto de qué universo] | J24: [Fórmula que relaciona las variables del indicador] | K24: [Fórmula que relaciona las variables del indicador] | L24: [Fórmula que relaciona las variables del indicador] | M24: [Unidad] | N24: GESTIÓN [Dimensión] [Frecuencia] | O24: [Valor] | P24: [Valor] | Q24: [Valor]
B25: SEGUIMIENTO OPERATIVO | C25: SEGUIMIENTO OPERATIVO | D25: [Cambio que el Pp pretende promover; el indicador no mide directamente su cumplimiento] | E25: [Cambio que el Pp pretende promover; el indicador no mide directamente su cumplimiento] | F25: [Nombre claro del indicador de seguimiento] | G25: [Nombre claro del indicador de seguimiento] | H25: [Qué mide el indicador y respecto de qué universo] | I25: [Qué mide el indicador y respecto de qué universo] | J25: [Fórmula que relaciona las variables del indicador] | K25: [Fórmula que relaciona las variables del indicador] | L25: [Fórmula que relaciona las variables del indicador] | M25: [Unidad] | N25: GESTIÓN [Dimensión] [Frecuencia] | O25: [Valor] | P25: [Valor] | Q25: [Valor]
B26: SEGUIMIENTO OPERATIVO | C26: SEGUIMIENTO OPERATIVO | D26: [Cambio que el Pp pretende promover; el indicador no mide directamente su cumplimiento] | E26: [Cambio que el Pp pretende promover; el indicador no mide directamente su cumplimiento] | F26: [Nombre claro del indicador de seguimiento] | G26: [Nombre claro del indicador de seguimiento] | H26: [Qué mide el indicador y respecto de qué universo] | I26: [Qué mide el indicador y respecto de qué universo] | J26: [Fórmula que relaciona las variables del indicador] | K26: [Fórmula que relaciona las variables del indicador] | L26: [Fórmula que relaciona las variables del indicador] | M26: [Unidad] | N26: GESTIÓN [Dimensión] [Frecuencia] | O26: [Valor] | P26: [Valor] | Q26: [Valor]
B27: SEGUIMIENTO OPERATIVO | C27: SEGUIMIENTO OPERATIVO | D27: [Cambio que el Pp pretende promover; el indicador no mide directamente su cumplimiento] | E27: [Cambio que el Pp pretende promover; el indicador no mide directamente su cumplimiento] | F27: [Nombre claro del indicador de seguimiento] | G27: [Nombre claro del indicador de seguimiento] | H27: [Qué mide el indicador y respecto de qué universo] | I27: [Qué mide el indicador y respecto de qué universo] | J27: [Fórmula que relaciona las variables del indicador] | K27: [Fórmula que relaciona las variables del indicador] | L27: [Fórmula que relaciona las variables del indicador] | M27: [Unidad] | N27: GESTIÓN [Dimensión] [Frecuencia] | O27: [Valor] | P27: [Valor] | Q27: [Valor]
B28: Medios de verificación | C28: Medios de verificación | D28: [Registros o fuentes que permiten comprobar las variables] | F28: Línea base | H28: [Año y Valor] | J28: Desagregación geográfica | K28: Línea base | L28: [Alcaldía ó Ciudad de México] | M28: [Año y valor] | N28: [Año y valor] | O28: Sentido | P28: Sentido | Q28: Ascendente
B29: VALIDACIÓN
B30: ELABORÓ | G30: REVISÓ | M30: AUTORIZÓ
B31: Nombre, cargo, fecha y firma | C31: Nombre, cargo, fecha y firma | D31: Nombre, cargo, fecha y firma | E31: Nombre, cargo, fecha y firma | F31: Nombre, cargo, fecha y firma | G31: Nombre, cargo, fecha y firma | H31: Nombre, cargo, fecha y firma | I31: Nombre, cargo, fecha y firma | J31: Nombre, cargo, fecha y firma | K31: Nombre, cargo, fecha y firma | L31: Nombre, cargo, fecha y firma | M31: Nombre, cargo, fecha y firma | N31: Nombre, cargo, fecha y firma | O31: Nombre, cargo, fecha y firma | P31: Nombre, cargo, fecha y firma | Q31: Nombre, cargo, fecha y firma
B32: Nombre, cargo, fecha y firma | C32: Nombre, cargo, fecha y firma | D32: Nombre, cargo, fecha y firma | E32: Nombre, cargo, fecha y firma | F32: Nombre, cargo, fecha y firma | G32: Nombre, cargo, fecha y firma | H32: Nombre, cargo, fecha y firma | I32: Nombre, cargo, fecha y firma | J32: Nombre, cargo, fecha y firma | K32: Nombre, cargo, fecha y firma | L32: Nombre, cargo, fecha y firma | M32: Nombre, cargo, fecha y firma | N32: Nombre, cargo, fecha y firma | O32: Nombre, cargo, fecha y firma | P32: Nombre, cargo, fecha y firma | Q32: Nombre, cargo, fecha y firma
B33: La información deberá ser congruente con el Documento de Diagnóstico y Diseño y con la FID del ejercicio fiscal aplicable. | C33: Celdas en color crema: espacios de captura. La información deberá ser congruente con el Documento de Diagnóstico y Diseño y con la FID del ejercicio fiscal aplicable. | D33: Celdas en color crema: espacios de captura. La información deberá ser congruente con el Documento de Diagnóstico y Diseño y con la FID del ejercicio fiscal aplicable. | E33: Celdas en color crema: espacios de captura. La información deberá ser congruente con el Documento de Diagnóstico y Diseño y con la FID del ejercicio fiscal aplicable. | F33: Celdas en color crema: espacios de captura. La información deberá ser congruente con el Documento de Diagnóstico y Diseño y con la FID del ejercicio fiscal aplicable. | G33: Celdas en color crema: espacios de captura. La información deberá ser congruente con el Documento de Diagnóstico y Diseño y con la FID del ejercicio fiscal aplicable. | H33: Celdas en color crema: espacios de captura. La información deberá ser congruente con el Documento de Diagnóstico y Diseño y con la FID del ejercicio fiscal aplicable. | I33: Celdas en color crema: espacios de captura. La información deberá ser congruente con el Documento de Diagnóstico y Diseño y con la FID del ejercicio fiscal aplicable. | J33: Celdas en color crema: espacios de captura. La información deberá ser congruente con el Documento de Diagnóstico y Diseño y con la FID del ejercicio fiscal aplicable. | K33: Celdas en color crema: espacios de captura. La información deberá ser congruente con el Documento de Diagnóstico y Diseño y con la FID del ejercicio fiscal aplicable. | L33: Celdas en color crema: espacios de captura. La información deberá ser congruente con el Documento de Diagnóstico y Diseño y con la FID del ejercicio fiscal aplicable. | M33: Celdas en color crema: espacios de captura. La información deberá ser congruente con el Documento de Diagnóstico y Diseño y con la FID del ejercicio fiscal aplicable. | N33: Celdas en color crema: espacios de captura. La información deberá ser congruente con el Documento de Diagnóstico y Diseño y con la FID del ejercicio fiscal aplicable. | O33: Celdas en color crema: espacios de captura. La información deberá ser congruente con el Documento de Diagnóstico y Diseño y con la FID del ejercicio fiscal aplicable. | P33: Celdas en color crema: espacios de captura. La información deberá ser congruente con el Documento de Diagnóstico y Diseño y con la FID del ejercicio fiscal aplicable. | Q33: Celdas en color crema: espacios de captura. La información deberá ser congruente con el Documento de Diagnóstico y Diseño y con la FID del ejercicio fiscal aplicable.

Sheet CATALOGO
A1: 1 | B1: 2 | C1: 3 | D1: 4 | E1: 5 | F1: 6 | G1: 7 | H1: 8 | I1: 9 | J1: 10 | K1: 11 | L1: 12 | M1: 13 | N1: 14 | O1: 15 | P1: 16 | Q1: 17 | R1: 18 | S1: 19 | T1: 20 | U1: 21 | V1: 22 | W1: 23 | X1: 24 | Y1: 25 | Z1: 26
A2: Cllave_2027 | B2: Centro Gestor | C2: Unidad Responsable Denominación | D2: Tipo de URG | E2: Programa P. 2027 | F2: Programa P. Denominación 2027 | G2: Inst seg 7 | H2: Eje (1) | I2: Den | J2: Objetivo | K2: DESC | L2: Estrategia | M2: DESC | N2: Finalidad | O2: Finalidad Denominación | P2: Función | Q2: Función Denominación | R2: Subfunción | S2: SubFuncion Denominación | T2: AI | U2: AI Denominación | V2: Objetivo | W2: Concepto | X2: Metas ODS | Y2: MODS | Z2: Metas ODS definición | AC2: Centro Gestor
A3: 01C001P020 | B3: 01C001 | C3: Jefatura de Gobierno | D3: Dependencias | E3: P020 | F3: Planeación y seguimiento de la política gubernamental | G3: FID | H3: 07 | I3: Ciudad participativa, democrática, abierta y con gobierno digital eficiente | J3: 01 | K3: Ciudad participativa, democrática y abierta | L3: 00 | M3: Ciudad participativa, democrática y abierta | N3: 1 | O3: Gobierno | P3: 3 | Q3: Coordinación de la Política de Gobierno | R3: 1 | S3: Presidencia / Gubernatura | T3: 177 | U3: Conducción de la política de gobierno | V3: 11 | W3: Ciudades y comunidades sostenibles | X3: 11.a | Y3: a | Z3: Apoyar los vínculos económicos, sociales y ambientales positivos entre las zonas urbanas, periurbanas y rurales fortaleciendo la planificación del desarrollo nacional y regional. | AC3: 01C001 | AD3: =IF(B3=Caratula!$E$6, E3, "")
A4: 01P0ESQ002 | B4: 01P0ES | C4: Fondo para el Desarrollo Económico y Social | D4: Entidades | E4: Q002 | F4: Investigación para el desarrollo socioeconómico | G4: FID | H4: 01 | I4: Ciudad cuidadora y de bienestar, con igualdad sustantiva y de derechos plenos | J4: 06 | K4: Ciudad con educación, ciencia y tecnología | L4: 32 | M4: Propiciar la innovación en el impulso a los nuevos motores de crecimiento de la economía de la ciudad y la transformación del tejido productivo, entre ellos, digitalización e inteligencia artificial, movilidad, agua, industrias creativas, servicios logísticos, economía circular, salud, educación, vivienda, economía social. | N4: 3 | O4: Desarrollo Económico | P4: 1 | Q4: Asuntos Económicos, Comerciales y Laborales en General | R4: 1 | S4: Asuntos Económicos y Comerciales en General | T4: 030 | U4: Crecimiento y desarrollo sostenible | V4: 11 | W4: Ciudades y comunidades sostenibles | X4: 11.3 | Y4: 3 | Z4: De aquí a 2030, aumentar la urbanización inclusiva y sostenible y la capacidad para la planificación y la gestión participativas, integradas y sostenibles de los asentamientos humanos en todos los países | AC4: 01P0ES | AD4: =IF(B4=Caratula!$E$6, E4, "")
A5: 02C001U019 | B5: 02C001 | C5: Secretaría de Gobierno | D5: Dependencias | E5: U019 | F5: Sí al desarme, sí a la paz | G5: FID | H5: 02 | I5: Ciudad segura, en paz y resiliente | J5: 02 | K5: Ciudad con seguridad y paz | L5: 14 | M5: Ampliar los programas de desarme voluntario para reducir la presencia de armas en las comunidades. | N5: 1 | O5: Gobierno | P5: 3 | Q5: Coordinación de la Política de Gobierno | R5: 2 | S5: Política Interior | T5: 013 | U5: Prevención de la violencia con participación ciudadana | V5: 11 | W5: Ciudades y comunidades sostenibles | X5: 11.1 | Y5: 1 | Z5: De aquí a 2030, asegurar el acceso de todas las personas a viviendas y servicios básicos adecuados, seguros y asequibles y mejorar los barrios marginales | AC5: 02C001 | AD5: =IF(B5=Caratula!$E$6, E5, "")
A6: 02CDBPE097 | B6: 02CDBP | C6: Comisión de Búsqueda de Personas de la Ciudad de México | D6: Órganos Desconcentrados | E6: E097 | F6: Acciones de búsqueda, localización e identificación de personas | G6: FID | H6: 02 | I6: Ciudad segura, en paz y resiliente | J6: 02 | K6: Ciudad con seguridad y paz | L6: 00 | M6: Ciudad con seguridad y paz | N6: 1 | O6: Gobierno | P6: 7 | Q6: Asuntos de Orden Público y de Seguridad Interior | R6: 3 | S6: Otros Asuntos de Orden Público y Seguridad | T6: 241 | U6: Búsqueda de personas desaparecidas y no identificadas | V6: 16 | W6: Paz, justicia e instituciones sólidas | X6: 16.a | Y6: a | Z6: Fortalecer las instituciones nacionales pertinentes, incluso mediante la cooperación internacional, para crear a todos los niveles, particularmente en los países en desarrollo, la capacidad de prevenir la violencia y combatir el terrorismo y la delincuencia. | AC6: 02CDBP | AD6: =IF(B6=Caratula!$E$6, E6, "")
A7: 02PDAVE109 | B7: 02PDAV | C7: Comisión Ejecutiva de Atención a Víctimas de la Ciudad de México | D7: Entidades | E7: E109 | F7: Apoyo integral a víctimas | G7: FID | H7: 01 | I7: Ciudad cuidadora y de bienestar, con igualdad sustantiva y de derechos plenos | J7: 03 | K7: Ciudad que produce salud | L7: 15 | M7: Brindar atención médica integral y de apoyo psicológico a las víctimas de violencia. | N7: 1 | O7: Gobierno | P7: 7 | Q7: Asuntos de Orden Público y de Seguridad Interior | R7: 3 | S7: Otros Asuntos de Orden Público y Seguridad | T7: 261 | U7: Atención a víctimas | V7: 16 | W7: Paz, justicia e instituciones sólidas | X7: 16.a | Y7: a | Z7: Fortalecer las instituciones nacionales pertinentes, incluso mediante la cooperación internacional, para crear a todos los niveles, particularmente en los países en desarrollo, la capacidad de prevenir la violencia y combatir el terrorismo y la delincuencia. | AC7: 02PDAV | AD7: =IF(B7=Caratula!$E$6, E7, "")
A8: 02PDDPE158 | B8: 02PDDP | C8: Mecanismo para la protección Integral de Personas Defensoras de Derechos Humanos y Periodistas | D8: Entidades | E8: E158 | F8: Protección integral de personas periodistas y colaboradoras periodísticas, defensoras de derechos humanos y del medio ambiente | G8: FID | H8: 02 | I8: Ciudad segura, en paz y resiliente | J8: 02 | K8: Ciudad con seguridad y paz | L8: 03 | M8: Diseñar estrategias de prevención del delito e implementar acciones operativas coordinadas en el gabinete de seguridad, así como desarrollar estrategias especiales para reducir la incidencia delictiva en general y de delitos específicos | N8: 1 | O8: Gobierno | P8: 7 | Q8: Asuntos de Orden Público y de Seguridad Interior | R8: 3 | S8: Otros Asuntos de Orden Público y Seguridad | T8: 179 | U8: Acciones para la protección integral de personas defensoras de los derechos humanos, de la libertad de expresión y el periodismo | V8: 10 | W8: Reducción de las desigualdades | X8: 10.2 | Y8: 2 | Z8: De aquí a 2030, potenciar y promover la inclusión social, económica y política de todas las personas, independientemente de su edad, sexo, discapacidad, raza, etnia, origen, religión o situación económica u otra condición | AC8: 02PDDP | AD8: =IF(B8=Caratula!$E$6, E8, "")
A9: 04P0DER001 | B9: 04P0DE | C9: Fondo de Desarrollo Económico | D9: Entidades | E9: R001 | F9: Seguimiento a recuperación de cartera | G9: FID | H9: 07 | I9: Ciudad participativa, democrática, abierta y con gobierno digital eficiente | J9: 01 | K9: Ciudad participativa, democrática y abierta | L9: 00 | M9: Ciudad participativa, democrática y abierta | N9: 3 | O9: Desarrollo Económico | P9: 1 | Q9: Asuntos Económicos, Comerciales y Laborales en General | R9: 1 | S9: Asuntos Económicos y Comerciales en General | T9: 039 | U9: Financiamiento y créditos | V9: 11 | W9: Ciudades y comunidades sostenibles | X9: 11.a | Y9: a | Z9: Apoyar los vínculos económicos, sociales y ambientales positivos entre las zonas urbanas, periurbanas y rurales fortaleciendo la planificación del desarrollo nacional y regional. | AC9: 04P0DE | AD9: =IF(B9=Caratula!$E$6, E9, "")
A10: 04P0DSF006 | B10: 04P0DS | C10: Fondo para el Desarrollo Social | D10: Entidades | E10: F006 | F10: Financiamiento a microcréditos para el autoempleo, atención a las medianas y pequeñas empresas y comercialización de productos rurales | G10: FID | H10: 03 | I10: Ciudad próspera, con empleo, desarrollo compartido e innovación tecnológica | J10: 01 | K10: Ciudad próspera con empleo y economía a favor de la gente | L10: 28 | M10: Crear incentivos para las empresas que adopten esquemas de trabajo digno, acciones afirmativas que abatan las brechas de género, mejoren las condiciones de trabajo y promuevan capacitación para la profesionalización laboral. | N10: 3 | O10: Desarrollo Económico | P10: 1 | Q10: Asuntos Económicos, Comerciales y Laborales en General | R10: 1 | S10: Asuntos Económicos y Comerciales en General | T10: 039 | U10: Financiamiento y créditos | V10: 11 | W10: Ciudades y comunidades sostenibles | X10: 11.a | Y10: a | Z10: Apoyar los vínculos económicos, sociales y ambientales positivos entre las zonas urbanas, periurbanas y rurales fortaleciendo la planificación del desarrollo nacional y regional. | AC10: 04P0DS | AD10: =IF(B10=Caratula!$E$6, E10, "")
A11: 07CD01B001 | B11: 07CD01 | C11: Planta Productora de Mezclas Asfálticas | D11: Órganos Desconcentrados | E11: B001 | F11: Producción y comercialización de mezclas asfálticas | G11: FID | H11: 04 | I11: Derecho a la ciudad con planeación, movilidad sustentable y vivienda para todas y todos | J11: 03 | K11: Ciudad con movilidad integrada y sustentable | L11: 13 | M11: Implementar el programa Bache Cero, que garantizará la reparación de vialidades primarias y secundarias de manera permanente y rápida. | N11: 3 | O11: Desarrollo Económico | P11: 4 | Q11: Minería, manufacturas y construcción | R11: 2 | S11: Manufacturas | T11: 070 | U11: Producción y comercialización de mezcla asfáltica para la rehabilitación de las vías primarias y secundarias | V11: 12 | W11: Producción y consumo responsables | X11: 12.2 | Y11: 2 | Z11: De aquí a 2030, lograr la Gestión sostenible y el uso eficiente de los recursos naturales. | AC11: 07CD01 | AD11: =IF(B11=Caratula!$E$6, E11, "")
A12: 07PDIFK012 | B12: 07PDIF | C12: Instituto Local de la Infraestructura Física Educativa | D12: Entidades | E12: K012 | F12: Rehabilitación, equipamiento y construcción de infraestructura educativa | G12: FID | H12: 01 | I12: Ciudad cuidadora y de bienestar, con igualdad sustantiva y de derechos plenos | J12: 06 | K12: Ciudad con educación, ciencia y tecnología | L12: 03 | M12: Fortalecer la infraestructura de 2,274 escuelas públicas de educación básica, a través del programa "La Escuela es nuestra", y de los planteles de educación media superior en colaboración con la Autoridad Educativa Federal en la Ciudad de México. | N12: 2 | O12: Desarrollo Social | P12: 5 | Q12: Educación | R12: 1 | S12: Educación básica | T12: 041 | U12: Fortalecimiento a la educación | V12: 11 | W12: Ciudades y comunidades sostenibles | X12: 11.1 | Y12: 1 | Z12: De aquí a 2030, asegurar el acceso de todas las personas a viviendas y servicios básicos adecuados, seguros y asequibles y mejorar los barrios marginales | AC12: 07PDIF | AD12: =IF(B12=Caratula!$E$6, E12, "")
A13: 09C001U009 | B13: 09C001 | C13: Secretaría de Administración y Finanzas | D13: Dependencias | E13: U009 | F13: Otros subsidios | G13: FID | H13: 07 | I13: Ciudad participativa, democrática, abierta y con gobierno digital eficiente | J13: 01 | K13: Ciudad participativa, democrática y abierta | L13: 00 | M13: Ciudad participativa, democrática y abierta | N13: 1 | O13: Gobierno | P13: 5 | Q13: Asuntos Financieros y Hacendarios | R13: 2 | S13: Asuntos Hacendarios | T13: 011 | U13: Política fiscal y tributaria | V13: 11 | W13: Ciudades y comunidades sostenibles | X13: 11.a | Y13: a | Z13: Apoyar los vínculos económicos, sociales y ambientales positivos entre las zonas urbanas, periurbanas y rurales fortaleciendo la planificación del desarrollo nacional y regional. | AC13: 09C001 | AD13: =IF(B13=Caratula!$E$6, E13, "")
A14: 09PDLRJ001 | B14: 09PDLR | C14: Caja de Previsión para Trabajadores a Lista de Raya | D14: Entidades | E14: J001 | F14: Pago de pensiones y jubilaciones | G14: FID | H14: 03 | I14: Ciudad próspera, con empleo, desarrollo compartido e innovación tecnológica | J14: 00 | K14: Ciudad próspera, con empleo, desarrollo compartido e innovación tecnológica | L14: 00 | M14: Ciudad próspera, con empleo, desarrollo compartido e innovación tecnológica | N14: 2 | O14: Desarrollo Social | P14: 6 | Q14: Protección Social | R14: 9 | S14: Otros De Seguridad Social y Asistencia Social | T14: 170 | U14: Administración del sistema de pensiones y jubilaciones | V14: 10 | W14: Reducción de las desigualdades | X14: 10.4 | Y14: 4 | Z14: Adoptar políticas, especialmente fiscales, salariales y de Protección Social, y lograr progresivamente una mayor igualdad. | AC14: 09PDLR | AD14: =IF(B14=Caratula!$E$6, E14, "")
A15: 09PDPAJ001 | B15: 09PDPA | C15: Caja de Previsión de la Policía Auxiliar | D15: Entidades | E15: J001 | F15: Pago de pensiones y jubilaciones | G15: FID | H15: 03 | I15: Ciudad próspera, con empleo, desarrollo compartido e innovación tecnológica | J15: 00 | K15: Ciudad próspera, con empleo, desarrollo compartido e innovación tecnológica | L15: 00 | M15: Ciudad próspera, con empleo, desarrollo compartido e innovación tecnológica | N15: 2 | O15: Desarrollo Social | P15: 6 | Q15: Protección Social | R15: 9 | S15: Otros De Seguridad Social y Asistencia Social | T15: 170 | U15: Administración del sistema de pensiones y jubilaciones | V15: 10 | W15: Reducción de las desigualdades | X15: 10.4 | Y15: 4 | Z15: Adoptar políticas, especialmente fiscales, salariales y de Protección Social, y lograr progresivamente una mayor igualdad. | AC15: 09PDPA | AD15: =IF(B15=Caratula!$E$6, E15, "")
A16: 09PDPPJ001 | B16: 09PDPP | C16: Caja de Previsión de la Policía Preventiva | D16: Entidades | E16: J001 | F16: Pago de pensiones y jubilaciones | G16: FID | H16: 03 | I16: Ciudad próspera, con empleo, desarrollo compartido e innovación tecnológica | J16: 00 | K16: Ciudad próspera, con empleo, desarrollo compartido e innovación tecnológica | L16: 00 | M16: Ciudad próspera, con empleo, desarrollo compartido e innovación tecnológica | N16: 2 | O16: Desarrollo Social | P16: 6 | Q16: Protección Social | R16: 9 | S16: Otros De Seguridad Social y Asistencia Social | T16: 170 | U16: Administración del sistema de pensiones y jubilaciones | V16: 10 | W16: Reducción de las desigualdades | X16: 10.4 | Y16: 4 | Z16: Adoptar políticas, especialmente fiscales, salariales y de Protección Social, y lograr progresivamente una mayor igualdad. | AC16: 09PDPP | AD16: =IF(B16=Caratula!$E$6, E16, "")
A17: 09PFRCG010 | B17: 09PFRC | C17: Fideicomiso de Recuperación Crediticia | D17: Entidades | E17: G010 | F17: Recuperación óptima de los créditos | G17: FID | H17: 04 | I17: Derecho a la ciudad con planeación, movilidad sustentable y vivienda para todas y todos | J17: 01 | K17: Ciudad con suelo y vivienda accesible y adecuada | L17: 05 | M17: Brindar financiamientos a familias de escasos recursos para la adquisición de vivienda nueva, asegurando condiciones accesibles y justas que faciliten su derecho a una vivienda digna. | N17: 2 | O17: Desarrollo Social | P17: 2 | Q17: Vivienda y Servicios a la Comunidad | R17: 5 | S17: Vivienda | T17: 233 | U17: Recuperación crediticia | V17: 8 | W17: Trabajo decente y crecimiento económico | X17: 8.3 | Y17: 3 | Z17: Promover políticas orientadas al desarrollo que apoyen las actividades productivas, la creación de puestos de trabajo decentes, el emprendimiento, la creatividad y la innovación, y fomentar la formalización y el crecimiento de las microempresas y las pequeñas y medianas empresas, incluso mediante el acceso a servicios financieros | AC17: 09PFRC | AD17: =IF(B17=Caratula!$E$6, E17, "")
A18: 10P0TPU022 | B18: 10P0TP | C18: Fideicomiso para el Fondo de Promoción para el Financiamiento del Transporte Público | D18: Entidades | E18: U022 | F18: Acciones para mejorar el servicio de Transporte Público, así como la infraestructura asociada | G18: FID | H18: 04 | I18: Derecho a la ciudad con planeación, movilidad sustentable y vivienda para todas y todos | J18: 03 | K18: Ciudad con movilidad integrada y sustentable | L18: 00 | M18: Ciudad con movilidad integrada y sustentable | N18: 3 | O18: Desarrollo Económico | P18: 5 | Q18: Transporte | R18: 6 | S18: Otros Relacionados con Transporte | T18: 271 | U18: Acciones de mejora para el servicio transporte público | V18: 11 | W18: Ciudades y comunidades sostenibles | X18: 11.2 | Y18: 2 | Z18: De aquí a 2030, proporcionar acceso a sistemas de transporte seguros, asequibles, accesibles y sostenibles para todos y mejorar la seguridad vial, en particular mediante la ampliación del transporte público, prestando especial atención a las necesidades de las personas en situación de vulnerabilidad, las mujeres, los niños, las personas con discapacidad y las personas de edad. | AC18: 10P0TP | AD18: =IF(B18=Caratula!$E$6, E18, "")
A19: 10PDMEU039 | B19: 10PDME | C19: Sistema de Transporte Colectivo | D19: Entidades | E19: U039 | F19: Convenios para la modernización de sistemas de movilidad y transporte | G19: FID | H19: 04 | I19: Derecho a la ciudad con planeación, movilidad sustentable y vivienda para todas y todos | J19: 03 | K19: Ciudad con movilidad integrada y sustentable | L19: 01 | M19: Se destinará una inversión histórica de 23,000 millones de pesos para el mantenimiento y modernización del Metro, garantizando su eficiencia y seguridad. | N19: 3 | O19: Desarrollo Económico | P19: 5 | Q19: Transporte | R19: 6 | S19: Otros Relacionados con Transporte | T19: 245 | U19: Ampliación de infraestructura para el transporte público | V19: 11 | W19: Ciudades y comunidades sostenibles | X19: 11.2 | Y19: 2 | Z19: De aquí a 2030, proporcionar acceso a sistemas de transporte seguros, asequibles, accesibles y sostenibles para todos y mejorar la seguridad vial, en particular mediante la ampliación del transporte público, prestando especial atención a las necesidades de las personas en situación de vulnerabilidad, las mujeres, los niños, las personas con discapacidad y las personas de edad. | AC19: 10PDME | AD19: =IF(B19=Caratula!$E$6, E19, "")
A20: 10PDTEJ001 | B20: 10PDTE | C20: Servicio de Transportes Eléctricos | D20: Entidades | E20: J001 | F20: Pago de pensiones y jubilaciones | G20: FID | H20: 04 | I20: Derecho a la ciudad con planeación, movilidad sustentable y vivienda para todas y todos | J20: 03 | K20: Ciudad con movilidad integrada y sustentable | L20: 06 | M20: Continuar con la expansión del trolebús elevado para reducir los tiempos de traslado, especialmente desde las zonas del oriente hacia el centro de la ciudad. | N20: 3 | O20: Desarrollo Económico | P20: 5 | Q20: Transporte | R20: 6 | S20: Otros Relacionados con Transporte | T20: 170 | U20: Administración del sistema de pensiones y jubilaciones | V20: 10 | W20: Reducción de las desigualdades | X20: 10.4 | Y20: 4 | Z20: Adoptar políticas, especialmente fiscales, salariales y de protección social, y lograr progresivamente una mayor igualdad. | AC20: 10PDTE | AD20: =IF(B20=Caratula!$E$6, E20, "")
A21: 15C006U009 | B21: 15C006 | C21: Tesorería | D21: Dependencias | E21: U009 | F21: Otros subsidios | G21: FID | H21: 07 | I21: Ciudad participativa, democrática, abierta y con gobierno digital eficiente | J21: 01 | K21: Ciudad participativa, democrática y abierta | L21: 00 | M21: Ciudad participativa, democrática y abierta | N21: 1 | O21: Gobierno | P21: 5 | Q21: Asuntos Financieros y Hacendarios | R21: 2 | S21: Asuntos Hacendarios | T21: 181 | U21: Otros subsidios para el pago de contribuciones | V21: 11 | W21: Ciudades y comunidades sostenibles | X21: 11.a | Y21: a | Z21: Apoyar los vínculos económicos, sociales y ambientales positivos entre las zonas urbanas, periurbanas y rurales fortaleciendo la planificación del desarrollo nacional y regional. | AC21: 15C006 | AD21: =IF(B21=Caratula!$E$6, E21, "")
A22: 16C000D001 | B22: 16C000 | C22: Deuda Pública | D22: Dependencias | E22: D001 | F22: Servicio de la deuda | G22: FID | H22: 07 | I22: Ciudad participativa, democrática, abierta y con gobierno digital eficiente | J22: 01 | K22: Ciudad participativa, democrática y abierta | L22: 00 | M22: Ciudad participativa, democrática y abierta | N22: 4 | O22: Otras No Clasificadas en Funciones Anteriores | P22: 1 | Q22: Transacciones de la Deuda Pública / Costo Financiero de la Deuda | R22: 1 | S22: Deuda Pública Interna | T22: 029 | U22: Servicio de la deuda | V22: 11 | W22: Ciudades y comunidades sostenibles | X22: 11.a | Y22: a | Z22: Apoyar los vínculos económicos, sociales y ambientales positivos entre las zonas urbanas, periurbanas y rurales fortaleciendo la planificación del desarrollo nacional y regional. | AC22: 16C000 | AD22: =IF(B22=Caratula!$E$6, E22, "") -> D001
A23: 16C000D002 | B23: 16C000 | C23: Deuda Pública | D23: Dependencias | E23: D002 | F23: Devolución de ingresos percibidos indebidamente | G23: FID | H23: 07 | I23: Ciudad participativa, democrática, abierta y con gobierno digital eficiente | J23: 01 | K23: Ciudad participativa, democrática y abierta | L23: 00 | M23: Ciudad participativa, democrática y abierta | N23: 4 | O23: Otras No Clasificadas en Funciones Anteriores | P23: 1 | Q23: Transacciones de la Deuda Pública / Costo Financiero de la Deuda | R23: 1 | S23: Deuda Pública Interna | T23: 290 | U23: Devolución a contribuyentes | V23: 11 | W23: Ciudades y comunidades sostenibles | X23: 11.a | Y23: a | Z23: Apoyar los vínculos económicos, sociales y ambientales positivos entre las zonas urbanas, periurbanas y rurales fortaleciendo la planificación del desarrollo nacional y regional. | AC23: 26C001 | AD23: =IF(B23=Caratula!$E$6, E23, "") -> D002
A24: 26C001U049 | B24: 26C001 | C24: Secretaría de Salud | D24: Dependencias | E24: U049 | F24: Fortalecimiento de los servicios de salud para el bienestar en la Ciudad de México | G24: FID | H24: 01 | I24: Ciudad cuidadora y de bienestar, con igualdad sustantiva y de derechos plenos | J24: 03 | K24: Ciudad que produce salud | L24: 01 | M24: Coordinar la integración y monitoreo de los planes de acción del sector salud de la Ciudad de México | N24: 2 | O24: Desarrollo Social | P24: 3 | Q24: Salud | R24: 2 | S24: Prestación de Servicios de Salud a la Persona | T24: 315 | U24: Prestación de servicios médicos generales | V24: 3 | W24: Salud y bienestar | X24: 3.4 | Y24: 4 | Z24: Para 2030, reducir en un tercio la mortalidad prematura por enfermedades no transmisibles mediante la prevención y el tratamiento y promover la salud mental y el bienestar | AC24: 26PDSP | AD24: =IF(B24=Caratula!$E$6, E24, "")
A25: 26PDSPU049 | B25: 26PDSP | C25: Servicios de Salud Pública | D25: Entidades | E25: U049 | F25: Fortalecimiento de los servicios de salud para el bienestar en la Ciudad de México | G25: FID | H25: 01 | I25: Ciudad cuidadora y de bienestar, con igualdad sustantiva y de derechos plenos | J25: 03 | K25: Ciudad que produce salud | L25: 01 | M25: Coordinar la integración y monitoreo de los planes de acción del sector salud de la Ciudad de México | N25: 2 | O25: Desarrollo Social | P25: 3 | Q25: Salud | R25: 2 | S25: Prestación de Servicios de Salud a la Persona | T25: 315 | U25: Prestación de servicios médicos generales | V25: 3 | W25: Salud y bienestar | X25: 3.4 | Y25: 4 | Z25: Para 2030, reducir en un tercio la mortalidad prematura por enfermedades no transmisibles mediante la prevención y el tratamiento y promover la salud mental y el bienestar | AC25: 36PDID | AD25: =IF(B25=Caratula!$E$6, E25, "")
A26: 36PDIDU042 | B26: 36PDID | C26: Instituto del Deporte | D26: Entidades | E26: U042 | F26: Apoyos y estímulos deportivos para el Bienestar | G26: FID | H26: 01 | I26: Ciudad cuidadora y de bienestar, con igualdad sustantiva y de derechos plenos | J26: 06 | K26: Ciudad con educación, ciencia y tecnología | L26: 22 | M26: Otorgar apoyo económico a 400 personas medallistas de Competencias Nacionales y Paranacionales 2025 y a 30 Asociaciones Deportivas, a fin de fomentar la práctica deportiva. | N26: 2 | O26: Desarrollo Social | P26: 4 | Q26: Recreación, Cultura y otras Manifestaciones Sociales | R26: 1 | S26: Deporte y recreación | T26: 046 | U26: Impulso y fomento a la cultura física y el deporte | V26: 4 | W26: Educación de calidad | X26: 4.7 | Y26: 7 | Z26: De aquí a 2030, asegurar que todos los alumnos adquieran los conocimientos teóricos y prácticos necesarios para promover el desarrollo sostenible, entre otras cosas mediante la educación para el desarrollo sostenible y los estilos de vida sostenibles, los derechos humanos, la igualdad de genero, la promoción de una cultura de paz y no violencia, la ciudadanía mundial y la valoración de la diversidad cultural y la contribución de la cultura al desarrollo sostenible. | AC26: 36PFEG | AD26: =IF(B26=Caratula!$E$6, E26, "")
A27: 36PFEGU043 | B27: 36PFEG | C27: Fideicomiso Bienestar Educativo | D27: Entidades | E27: U043 | F27: Va segur@ | G27: FID | H27: 01 | I27: Ciudad cuidadora y de bienestar, con igualdad sustantiva y de derechos plenos | J27: 06 | K27: Ciudad con educación, ciencia y tecnología | L27: 12 | M27: Brindar apoyo y protección médica a estudiantes de nivel básico y medio superior, así como al personal docente, en caso de accidentes escolares dentro de los planteles, en los trayectos casa-escuela y escuela-casa, y durante actividades extraescolares, a través del programa “Va Segur@” para garantizar su bienestar y seguridad en todo momento. | N27: 2 | O27: Desarrollo Social | P27: 5 | Q27: Educación | R27: 1 | S27: Educación básica | T27: 005 | U27: Seguro contra accidentes personales de escolares | V27: 4 | W27: Educación de calidad | X27: 4.1 | Y27: 1 | Z27: De aquí a 2030, asegurar que todas las niñas y todos los niños terminen la enseñanza primaria y secundaria, que ha de ser gratuita, equitativa y de calidad y producir resultados de aprendizaje pertinentes y efectivos.

Sheet CG
A1: Centro Gestor | B1: Unidad Responsable Denominación
A2: 01C001 | B2: Jefatura de Gobierno
A3: 01P0ES | B3: Fondo para el Desarrollo Económico y Social
A4: 02C001 | B4: Secretaría de Gobierno
A5: 02CDBP | B5: Comisión de Búsqueda de Personas de la Ciudad de México
A6: 02PDAV | B6: Comisión Ejecutiva de Atención a Víctimas de la Ciudad de México
A7: 02PDDP | B7: Mecanismo para la protección Integral de Personas Defensoras de Derechos Humanos y Periodistas
A8: 04P0DE | B8: Fondo de Desarrollo Económico
A9: 04P0DS | B9: Fondo para el Desarrollo Social
A10: 07CD01 | B10: Planta Productora de Mezclas Asfálticas
A11: 07PDIF | B11: Instituto Local de la Infraestructura Física Educativa
A12: 09C001 | B12: Secretaría de Administración y Finanzas
... A25: 36PFEG | B25: Fideicomiso Bienestar Educativo

Sheet Pp
A1: CG | B1: Pp | C1: Denominación
A2: 01C001 | B2: P020 | C2: Planeación y seguimiento de la política gubernamental
A3: 01P0ES | B3: Q002 | C3: Investigación para el desarrollo socioeconómico
A4: 02C001 | B4: U019 | C4: Sí al desarme, sí a la paz
A5: 02CDBP | B5: E097 | C5: Acciones de búsqueda, localización e identificación de personas
A6: 02PDAV | B6: E109 | C6: Apoyo integral a víctimas
A7: 02PDDP | B7: E158 | C7: Protección integral de personas periodistas y colaboradoras periodísticas, defensoras de derechos humanos y del medio ambiente
A8: 04P0DE | B8: R001 | C8: Seguimiento a recuperación de cartera
A9: 04P0DS | B9: F006 | C9: Financiamiento a microcréditos para el autoempleo, atención a las medianas y pequeñas empresas y comercialización de productos rurales
A10: 07CD01 | B10: B001 | C10: Producción y comercialización de mezclas asfálticas
A11: 07PDIF | B11: K012 | C11: Rehabilitación, equipamiento y construcción de infraestructura educativa
A12: 09C001 | B12: U009 | C12: Otros subsidios
... A26: 36PFEG | B26: U043 | C26: Va segur@
